 Dungeon Crawl Stone Soup version 0.19.5 (webtiles) character file.

7884 MenacingMecha the Slicer (level 11, 0/96 HPs)
             Began as a Kobold Berserker on May 2, 2017.
             Was an Elder of Trog.
             Slain by a minotaur
             ... wielding a +2 demon trident of venom
              (7 damage)
             ... in a labyrinth.
             The game lasted 00:37:40 (12752 turns).

MenacingMecha the Slicer (Kobold Berserker)        Turns: 12752, Time: 00:37:41

Health: 0/96       AC: 10    Str: 22    XL:     11   Next: 45%
Magic:  15/15      EV: 19    Int:  8    God:    Trog [****..]
Gold:   364        SH:  8    Dex: 16    Spells: 0 memorised, 10 levels left

rFire  . . .     SeeInvis .     e - +2 short sword (speed)
rCold  + . .     Gourm    .     x - +0 ring mail
rNeg   . . .     Faith    .     (shield restricted)
rPois  .         Spirit   .     D - +1 helmet
rElec  .         Reflect  +     o - +0 cloak
rCorr  .         Harm     .     (no gloves)
MR     .....                    C - +0 pair of boots
Stlth  ..........               I - brooch of Shielding {Reflect SH+8}
                                (no ring)
                                Q - ring of protection from cold

@: berserking, lethally poisoned (0 -> -19), very quick
A: carnivore 3
a: Berserk, Trog's Hand, Brothers in Arms, Burn Spellbooks, Renounce Religion


You were in a labyrinth.
You worshipped Trog.
Trog was greatly pleased with you.
You were very full.

You visited 2 branches of the dungeon, and saw 12 of its levels.
You also visited: Labyrinth.

You collected 364 gold pieces.

Inventory:

Hand Weapons
 e - a +2 short sword of speed (weapon)
 J - a +0 long sword
Missiles
 y - 38 bolts
Armour
 o - a +0 cloak (worn)
 x - a +0 ring mail (worn)
 C - a +0 pair of boots (worn)
 D - a +1 helmet (worn)
Jewellery
 I - the brooch of Shielding (around neck) {Reflect SH+8}
   (You found it on level 8 of the Dungeon)

   [amulet of reflection]

   It shields you and reflects attacks.
   It affects your SH (+8).
 Q - a ring of protection from cold (left hand)
Wands
 F - a wand of iceblast (10/15)
 H - a wand of acid (7/15)
 K - a wand of iceblast (10/15)
 N - a wand of acid (5/15)
Scrolls
 g - 3 scrolls of random uselessness {unknown}
 h - 6 scrolls of recharging {unknown}
 j - a scroll of enchant weapon {unknown}
 k - 3 scrolls of teleportation {unknown}
 l - a scroll of magic mapping {unknown}
 q - 4 scrolls of remove curse {unknown}
 r - 4 scrolls of identify {unknown}
 s - 2 scrolls of immolation {unknown}
 v - a scroll of amnesia {unknown}
 w - 3 scrolls of fear {unknown}
 B - 2 scrolls of acquirement {unknown}
 E - a scroll of blinking {unknown}
 M - a scroll of vulnerability {unknown}
Potions
 a - 3 potions of might {unknown}
 b - a potion of cure mutation {unknown}
 d - 2 potions of curing
 f - 2 potions of ambrosia {unknown}
 m - 2 potions of agility {unknown}
 n - a potion of beneficial mutation {unknown}
 p - 5 potions of brilliance {unknown}
 u - 3 potions of heal wounds {unknown}
 z - a potion of degeneration {unknown}
 A - a potion of berserk rage {unknown}
 L - 2 potions of flight {unknown}
 O - a potion of resistance {unknown}
Comestibles
 c - 6 meat rations
 i - 9 beef jerkies
 t - 2 slices of pizza
 G - 10 royal jellies


   Skills:
 + Level 6.1 Fighting
 - Level 12.2(13.6) Short Blades
 - Level 7.0(8.7) Long Blades
 - Level 4.3 Armour
 - Level 8.3 Dodging
 - Level 6.2 Stealth
 - Level 6.3 Evocations


You had 10 spell levels left.
You didn't know any spells.

Dungeon Overview and Level Annotations

Branches:
Dungeon (11/15)            Temple (1/1) D:5             Orc (0/2) D:9
   Lair: D:8-11

Altars:
Ashenzari
Cheibriados
Dithmenos
Elyvilon
Fedhas
Gozag
Hepliaklqana
Kikubaaqudgha
Makhleb
Nemelex Xobeh
Okawaru
Qazlal
Ru
Sif Muna
Trog
Uskayaw
Vehumet
Xom
Yredelemnul
Zin
The Shining One

Shops:
D:10 *

Annotations:
D:4 phantom
D:5 Prince Ribbit
D:7 exclusion: ice statue
D:8 Erica, Joseph
D:10 Psyche


Innate Abilities, Weirdness & Mutations

You are small and have problems with some larger weapons.
You are carnivorous and can eat meat at any time.


Message History

The minotaur hits you from afar with a demon trident of venom!
Your black bear bites the minotaur but does no damage.
Your black bear claws the minotaur.
Your black bear claws the minotaur but does no damage.
A red film seems to cover your vision as you go berserk!
You feel yourself moving faster!
You feel mighty!
You feel quite a bit less full.
Your black bear bites the minotaur.
Your black bear barely misses the minotaur.
Your black bear closely misses the minotaur.
The minotaur hits you from afar with a demon trident of venom!!
* * * LOW HITPOINT WARNING * * *
You are lethally poisoned!
You feel a strong urge to attack something.
* * * LOW HITPOINT WARNING * * *
You feel sick.
Your black bear closely misses the minotaur.
The minotaur furiously retaliates!
The minotaur headbutts your black bear.
Your black bear claws the minotaur. x2; You block the minotaur's attack.
The minotaur gores you!
You die...

# #.# ## .
...# #
#####.# #.#
#.# .# #.# #
#### ###.###
....#.....#
#...h@..#
.....##H##.#
##.# #8.8 .#
# #...#..
#8.8#.##
#/.[#..
#8.8###
#%.=# #8<8#


You could see a minotaur and a friendly black bear (berserk).

Vanquished Creatures
  A moth of wrath (shapeshifter) (D:9)
  A komodo dragon (D:9)
  A two-headed ogre (D:8)
  Grinder (D:5)
  A hornet (D:9)
  A wyvern (D:10)
  13 yaks
  2 soldier ants (D:8)
  A black bear (D:6)
  3 ice beasts
  2 orc warriors
  2 sky beasts
  3 phantoms
  2 necrophages
  2 ogres (D:7)
  4 centaurs
  A crocodile (D:11)
  Blork the orc (D:5)
  A gnoll sergeant (D:5)
  9 bullfrogs
  5 scorpions
  5 wights (D:7)
  4 howler monkeys (D:7)
  A jelly (D:8)
  2 bullfrog zombies
  2 crimson imps
  2 centaur zombies
  Crazy Yiuf (D:2)
  6 orc wizards
  A bullfrog skeleton (D:4)
  5 orc priests
  2 hounds
  An iguana (D:5)
  A centaur skeleton (D:4)
  12 worker ants
  2 hound zombies
  A hound skeleton (D:8)
  4 gnolls
  11 adders
  2 howler monkey skeletons
  2 shadow imps (D:11)
  2 oozes
  2 adder zombies (D:5)
  An adder skeleton (D:4)
  2 worms
  2 dart slugs
  2 leopard geckos
  26 orcs
  3 giant cockroaches
  2 goblins
  7 hobgoblins
  5 jackals
  3 quokkas
  4 bats
  A frilled lizard (D:3)
  4 kobolds
  A quokka skeleton (D:8)
  6 rats
197 creatures vanquished.

Notes
Turn   | Place    | Note
-------+----------+-------------------------------------------
     0 | D:1      | MenacingMecha the Kobold Berserker began the quest for the Orb.
     0 | D:1      | Reached XP level 1. HP: 14/14 MP: 1/1
   246 | D:1      | Reached XP level 2. HP: 19/19 MP: 2/2
   480 | D:1      | Reached skill level 5 in Short Blades
   842 | D:2      | Reached XP level 3. HP: 21/23 MP: 3/3
  1182 | D:2      | Found a runed door.
  1356 | D:2      | Noticed Crazy Yiuf
  1364 | D:2      | Killed Crazy Yiuf
  1364 | D:2      | Reached skill level 6 in Short Blades
  1364 | D:2      | Reached XP level 4. HP: 28/28 MP: 4/4
  1695 | D:3      | Reached ** piety under Trog
  1865 | D:3      | Found a sparkling altar of Nemelex Xobeh.
  2206 | D:4      | Reached skill level 7 in Short Blades
  2206 | D:4      | Reached XP level 5. HP: 32/32 MP: 5/5
  2368 | D:4      | Reached skill level 8 in Short Blades
  2444 | D:4      | Reached XP level 6. HP: 25/37 MP: 6/6
  2639 | D:4      | Reached skill level 9 in Short Blades
  2769 | D:4      | Noticed a phantom
  3402 | D:5      | Entered Level 5 of the Dungeon
  3438 | D:5      | Found a white marble altar of Elyvilon.
  3466 | D:5      | Noticed an ice beast
  3551 | D:5      | Found a bloodstained altar of Trog.
  3565 | D:5      | Reached XP level 7. HP: 22/41 MP: 7/7
  3855 | D:5      | Reached skill level 10 in Short Blades
  4356 | D:5      | Noticed Prince Ribbit
  4618 | D:5      | Found a staircase to the Ecumenical Temple.
  4636 | D:5      | Noticed Blork the orc
  4636 | Temple   | Entered the Ecumenical Temple
  4989 | D:5      | Killed Blork the orc
  4989 | D:5      | Reached skill level 11 in Short Blades
  5177 | D:5      | Reached XP level 8. HP: 44/46 MP: 8/8
  5334 | D:5      | Found a shadowy altar of Dithmenos.
  5469 | D:4      | Reached skill level 12 in Short Blades
  5912 | D:5      | Noticed Grinder
  5984 | D:5      | Reached skill level 5 in Dodging
  6003 | D:5      | Killed Grinder
  6003 | D:5      | Reached XP level 9. HP: 37/51 MP: 9/9
  6366 | D:6      | Reached skill level 5 in Fighting
  7190 | D:6      | Reached skill level 5 in Stealth
  7318 | D:6      | Reached *** piety under Trog
  7862 | D:7      | Noticed an ice statue
  7882 | D:7      | Reached XP level 10. HP: 60/60 MP: 10/10
  8611 | D:8      | Reached skill level 1 in Evocations
  8671 | D:8      | Noticed Erica
  9154 | D:8      | Noticed Joseph
  9568 | D:8      | Reached skill level 5 in Evocations
  9618 | D:8      | Reached **** piety under Trog
  9944 | D:9      | Reached skill level 1 in Long Blades
 10238 | D:9      | Reached XP level 11. HP: 42/64 MP: 15/15
 10412 | D:9      | Found a staircase to the Orcish Mines.
 10447 | D:9      | Noticed a fire crab
 10684 | D:8      | Reached skill level 5 in Long Blades
 10879 | D:9      | Found a glowing golden altar of the Shining One.
 11130 | D:9      | Noticed a ghost crab
 11143 | D:9      | Noticed a moth of wrath
 11143 | D:9      | a ghost crab changed into a moth of wrath
 11157 | D:9      | Killed a moth of wrath
 11852 | D:10     | Entered Level 10 of the Dungeon
 11931 | D:10     | Found Ugris's General Store.
 12353 | D:10     | Noticed Psyche
 12444 | D:11     | Found a labyrinth entrance.
 12514 | Lab      | Entered a labyrinth
 12739 | Lab      | Noticed a minotaur
 12752 | Lab      | Slain by a minotaur

Skill      XL: |  1  2  3  4  5  6  7  8  9 10 11 |
---------------+----------------------------------+-----
Short Blades   | 5 6 7 8 9 11 12 | 12.2
Dodging        | 6 7 8 |  8.3
Stealth        | 3 6 |  6.2
Fighting       | 6 |  6.1
Armour         | 3 4 |  4.3
Evocations     | 6 |  6.3
Long Blades    | 3 7 |  7.0

Action                   |  1- 3 |  4- 6 |  7- 9 | 10-12 || total
-------------------------+-------+-------+-------+-------++-------
Melee: Short sword       |    87 |   140 |   560 |   722 ||  1509
Invok: Berserk           |     2 |     1 |     2 |     6 ||    11
       Trog's Hand       |       |       |     3 |       ||     3
       Brothers in Arms  |       |       |       |     1 ||     1
  Use: Potion            |       |       |       |     1 ||     1
 Stab: Sleeping          |       |     3 |       |     7 ||    10
       Distracted        |       |       |     1 |       ||     1
  Eat: Chunk             |    10 |     9 |    17 |    20 ||    56
Armor: Animal skin       |     6 |     8 |     3 |       ||    17
       Ring mail         |       |       |    51 |    49 ||   100
Dodge: Dodged            |    54 |    56 |   184 |   180 ||   474
Block: Other             |       |       |       |    81 ||    81
